 Dungeon Crawl Stone Soup version 0.17.0-28-g6e173f8 (webtiles) character file.

32 coffecat the Magician (level 3, -1/21 HPs)
             Began as a High Elf Wizard on Nov 26, 2015.
             Slain by an adder (4 damage)
             ... on level 2 of the Dungeon.
             The game lasted 00:13:03 (1503 turns).

coffecat the Magician (High Elf Wizard)             Turns: 1503, Time: 00:13:03

Health: -1/21      AC:  2    Str:  6    XL:     3   Next: 10%
Magic:  6/9        EV: 12    Int: 23    God:
Gold:   116        SH:  0    Dex: 13    Spells: 2 memorised, 7 levels left

rFire  . . .     SeeInvis .     f - +1 dagger
rCold  . . .     Clarity  .     a - +0 robe
rNeg   . . .     SustAt   .     (no shield)
rPois  .         Gourm    .     b - +0 hat
rElec  .         Spirit   .     (no cloak)
rCorr  .         Warding  .     (no gloves)
rMut   .         Stasis   .     (no boots)
MR     .....                    (no amulet)
Stlth  ++........               (no ring)
                                (no ring)

@: lethally poisoned (-1 -> -6), not resistant to hostile enchantments,
unstealthy
A: no striking features
a: no special abilities


You were on level 2 of the Dungeon.
You were not hungry.

You visited 1 branch of the dungeon, and saw 2 of its levels.

You collected 116 gold pieces.

Inventory:

Hand Weapons
 f - a +1 dagger (weapon)
Missiles
 l - 2 javelins (quivered)
Armour
 a - a +0 robe (worn)
 b - a +0 hat (worn)
Jewellery
 g - an uncursed ring of protection from fire {unknown}
 j - an uncursed amulet of guardian spirit {unknown}
Scrolls
 e - 3 scrolls of identify
 i - a scroll of recharging
Potions
 h - 3 potions of flight {unknown}
Books
 c - a book of Minor Magic

   Spells                             Type                      Level
   a - Magic Dart                     Conjuration                  1
   b - Blink                          Translocation                2
   c - Call Imp                       Summoning                    2
   d - Repel Missiles                 Charms/Air                   2
   e - Slow                           Hexes                        2
   f - Conjure Flame                  Conjuration/Fire             3
   g - Mephitic Cloud                 Conjuration/Poison/Air       3
Comestibles
 d - a slice of pizza
 n - a bread ration


   Skills:
 + Level 0.2 Fighting
 + Level 2.5 Dodging
 + Level 2.2 Stealth
 + Level 4.4 Spellcasting
 + Level 1.3 Conjurations
 + Level 1.1 Summonings
   Level 1.1 Translocations


You had 7 spell levels left.
You knew the following spells:

 Your Spells              Type           Power        Failure   Level  Hunger
a - Magic Dart            Conj           ##..         10%         1    None
b - Call Imp              Summ           ##......     12%         2    None


Dungeon Overview and Level Annotations

Branches:
Dungeon (2/15)

Altars:


Message History

Read which item? (? for menu, Esc to quit)
You aren't carrying any rechargeable items.
Read which item? (? for menu, Esc to quit)
As you read the scroll labeled DIUTHR OZUT ECK, it crumbles to dust.
The scroll dissolves into smoke.
It was a scroll of fog.
You feel sick. The adder closely misses you. The adder barely misses you.
The adder bites you.
* * * LOW HITPOINT WARNING * * *
Your shadow imp closely misses the adder.
Read which item? (? for menu, Esc to quit)
As you read the scroll labeled DOOPSO KUGI, it crumbles to dust.
You hear a loud clanging noise!
It was a scroll of noise.
The adder barely misses you. The adder bites you.
* * * LOW HITPOINT WARNING * * *
Your shadow imp barely misses the adder.
Casting: Call Imp
Confirm with . or Enter, or press ? or * to list all spells.
A beastly little devil appears in a puff of flame.
* * * LOW HITPOINT WARNING * * *
You feel sick. The adder closely misses you. The adder bites you.
You die...

.. #...5.# #..
#.#.#.#.# #.#
#.......# #.#
###.....####.######.#
#..........<....S(.
##...#####..#.###.#
##.## #§§# ### #.#
#S5#...#.# #+#
#@S§.....# ##§###.###
# # #5§. #.# ##..#
..### .... ....+
....# ..### ....# ###
..### #


You could see 2 adders, a friendly crimson imp and a friendly shadow imp.

Vanquished Creatures
  4 bats (D:1)
  A hobgoblin (D:1)
  4 kobolds (D:1)
  A quokka (D:2)
  A giant newt (D:1)
  4 goblins
  3 rats (D:1)
18 creatures vanquished.

Vanquished Creatures (collateral kills)
  An adder (D:2)
  2 worms (D:2)
  A giant gecko (D:1)
  2 giant cockroaches
  A hobgoblin (D:1)
  A ball python (D:1)
  A kobold (D:2)
9 creatures vanquished.

Grand Total: 27 creatures vanquished

Notes
Turn   | Place    | Note
--------------------------------------------------------------
     0 | D:1      | coffecat the High Elf Wizard began the quest for the Orb.
     0 | D:1      | Reached XP level 1. HP: 11/11 MP: 6/6
   291 | D:1      | Reached skill level 4 in Spellcasting
   601 | D:1      | Reached XP level 2. HP: 15/17 MP: 5/8
   616 | D:1      | Learned a level 2 spell: Call Imp
  1315 | D:2      | Reached skill level 1 in Summonings
  1409 | D:2      | Reached XP level 3. HP: 21/21 MP: 6/9
  1503 | D:2      | Slain by an adder

Action                   || total
-------------------------++-------
Melee: Dagger            ||    47
       Unarmed           ||     6
 Cast: Magic Dart        ||    38
       Call Imp          ||    10
  Use: Scroll            ||     5
  Eat: Bread ration      ||     1
       Chunk             ||     1
